 Dungeon Crawl Stone Soup version 0.28-a0-1389-gc726bef33b (webtiles) character file.

Game seed: 12665446498243079275

69 Conn the Sneak (level 4, 0/27 HPs)
             Began as an Octopode Fire Elementalist on Jan 3, 2022.
             Slain by Robin (9 damage)
             ... on level 3 of the Dungeon.
             The game lasted 00:03:34 (3300 turns).

Conn the Sneak (Octopode Fire Elementalist)         Turns: 3300, Time: 00:03:34

Health: 0/27       AC:  1    Str:  7    XL:     4   Next: 20%
Magic:  2/7        EV: 13    Int: 19    God:
Gold:   158        SH:  0    Dex: 12    Spells: 0/7 levels left

rFire   . . .      SeeInvis .   e - +3 whip (pain)
rCold   . . .      Faith    .   (no shield)
rNeg    . . .      Spirit   .   (helmet restricted)
rPois   .          Reflect  .   (no amulet)
rElec   .          Harm     .   (no ring)
rCorr   .          Rampage  .   (no ring)
Will    .....                   (no ring)
Stlth   +++.......              (no ring)
HPRegen 0.09/turn               (no ring)
MPRegen 0.10/turn               (no ring)
                                (no ring)
                                (no ring)

@: no status effects
A: almost no armour, amphibious, 8 rings, camouflage 1, gelatinous body 1,
(nimble swimmer 1), tentacles
a: no special abilities


You were on level 3 of the Dungeon.
You visited 1 branch of the dungeon, and saw 3 of its levels.

You collected 158 gold pieces.

Inventory:

Hand Weapons
 b - a +0 dagger
 e - a +3 whip of pain (weapon)
Missiles
 g - a throwing net
Scrolls
 a - 2 scrolls of teleportation {unknown}
 c - a scroll of blinking {unknown}
 d - a scroll of immolation {unknown}
 f - a scroll of identify {unknown}
Potions
 h - a potion of heal wounds {unknown}
 i - a potion of might {unknown}


   Skills:
 + Level 0.4 Fighting
 + Level 0.4 Maces & Flails
 + Level 2.2 Dodging
 + Level 3.6 Stealth
 + Level 2.4 Spellcasting
 + Level 1.5 Conjurations
 + Level 3.6 Fire Magic


You couldn't memorise any spells.
You knew the following spells:

 Your Spells              Type           Power      Damage    Failure   Level
a - Foxfire               Conj/Fire      48%        2x1d6     5%          1
b - Conjure Flame         Conj/Fire      12%        6-21      17%         3
c - Inner Flame           Hex/Fire       9%         N/A       22%         3

Your spell library contained the following spells:

 Spells                   Type           Power      Damage    Failure   Level
 Scorch                   Fire           32%        2d7       5%          2
 Flame Wave               Conj/Fire      12%        2d5       50%         4


Dungeon Overview and Level Annotations

Branches:
Dungeon (3/15)

Altars:

Annotations:
D:3 Robin


Innate Abilities, Weirdness & Mutations

You cannot wear most types of armour.
You are amphibious.
You can wear up to eight rings at the same time.
Your skin changes colour to match your surroundings (Stealth+).
Your rubbery body absorbs attacks. (AC +1, EV +1)
((You are camouflaged when in or above water. (Stealth+)))
You have tentacles for arms and can constrict up to eight enemies at once.


Message History

You constrict Robin.
The foxfire hits the hobgoblin.
The hobgoblin is heavily wounded.
The foxfire hits Robin but does no damage.
Robin is lightly wounded.
The foxfire hits Robin but does no damage.
Robin is lightly wounded.
Robin roars a battlecry!
The goblins go into a battle-frenzy!
The foxfire hits the hobgoblin.
The hobgoblin is almost dead.
You hit the hobgoblin.
You kill the hobgoblin!
You constrict Robin, but do no damage. Robin completely misses you.
Robin barely misses you.
Unknown command.
You whack the goblin!
You kill the goblin!
You constrict Robin, but do no damage.
Robin hits you with a +0 mace of protection.
Unknown command.
Casting: Foxfire (safe; 5% risk of failure)
Confirm with . or Enter, or press ? or * to list all spells.
You conjure some foxfire!
You constrict Robin.
The foxfire hits the goblin.
You kill the goblin!
Robin hits you with a +0 mace of protection.
Unknown command.
Casting: Foxfire (safe; 5% risk of failure)
Confirm with . or Enter, or press ? or * to list all spells.
You conjure some foxfire!
You constrict Robin.
The foxfire hits the goblin.
You kill the goblin!
An orc comes into view. It is wielding a +0 falchion.
Robin closely misses you.
Unknown command.
You hit Robin.
Robin is heavily wounded.
You constrict Robin.
The foxfire hits Robin.
Robin is severely wounded.
Your foxfire dissipates!
Robin hits you with a +0 mace of protection!
You die...

..##.#.# .
###....## .#
#.....# .#
#....#)##.#
.......+....#
.........#<†..#
.....######K#g#
.....
#g#§######
.....
#.@§...... ....
##§.###### #..#
#..# #..# #.>#
##o# .#


You could see Robin, an orc, a hobgoblin (strong) and a kobold.

Vanquished Creatures
  2 worms (D:2)
  4 dart slugs
  7 endoplasms
  2 giant cockroaches
  8 hobgoblins
  A quokka (D:1)
  3 ball pythons
  2 bats
  A frilled lizard (D:2)
  15 goblins
  3 kobolds
  2 rats (D:2)
50 creatures vanquished.

Vanquished Creatures (others)
  118 foxfires
118 creatures vanquished.

Grand Total: 168 creatures vanquished

Notes
Turn   | Place    | Note
-------+----------+-------------------------------------------
     0 | D:1      | Conn the Octopode Fire Elementalist began the quest for the
                  | Orb.
     0 | D:1      | Reached XP level 1. HP: 11/11 MP: 3/3
   573 | D:1      | Reached XP level 2. HP: 17/17 MP: 1/5
   635 | D:1      | Found a faded altar of an unknown god.
  1384 | D:1      | Reached XP level 3. HP: 12/21 MP: 1/6
  3194 | D:3      | Reached XP level 4. HP: 27/27 MP: 1/7
  3195 | D:3      | Noticed Robin
  3198 | D:3      | Noticed a necrophage
  3281 | D:2      | Learned a level 3 spell: Conjure Flame
  3285 | D:2      | Learned a level 3 spell: Inner Flame
  3300 | D:3      | Slain by Robin

Illustrated notes

Levels and vault maps discovered:
D:1:      nzn_arrival_depleted_hourglass, layout_basic,
          hellmonk_ecumenical_altar_pennies_from_heaven
D:2:      layout_basic
D:3:      layout_basic, minmay_crystal_room, uniq_robin, uniq_grinder,
          uniq_jessica, uniq_sigmund

Skill      XL: |  1  2 |
---------------+-------+-----
Stealth        | 3 |  3.6
Fighting       | |  0.4
Maces & Flails | |  0.4
Dodging        | |  2.2
Spellcasting   | |  2.4
Conjurations   | |  1.5
Fire Magic     | |  3.6

Action                   |  1- 3 |  4- 6 || total
-------------------------+-------+-------++-------
Melee: Dagger            |    14 |       ||    14
       Tentacles         |     3 |     1 ||     4
       Constrict         |     9 |     3 ||    12
       Whip              |    24 |     6 ||    30
 Cast: Foxfire           |    64 |     9 ||    73
 Stab: Sleeping          |     3 |       ||     3
Armor: Skin              |     3 |     2 ||     5
Dodge: Dodged            |    24 |    10 ||    34

Table legend: (Time is in decaauts)
 A = Elapsed time spent in this place.
 B = Non-inter-level travel time spent in this place.
 C = Inter-level travel time spent in this place.
 D = Time resting spent in this place.
 E = Time spent auto-exploring this place.
 F = Levels seen in this place.
 G = Mean time per level.
                   A        B        C        D        E       F      G
               +--------+--------+--------+--------+--------+-----+--------+
         Total |   3302 |   3238 |     64 |     60 |   2626 |   3 | 1100.7 |
       Dungeon |   3302 |   3238 |     64 |     60 |   2626 |   3 | 1100.7 |
               +--------+--------+--------+--------+--------+-----+--------+

Top non-repeatable levels by time:
     D:1: 1855 daAuts
     D:2: 1380 daAuts
     D:3: 65 daAuts
